 Dungeon Crawl Stone Soup version 0.26.0-3-g156281e41b (webtiles) character file.

Game seed: 13403885248185211326

10547 Froggeryz the Grappler (level 11, -6/69 HPs)
             Began as a Gargoyle Monk on Jan 9, 2021.
             Was a High Priest of Okawaru.
             Mangled by a polar bear (15 damage)
             ... on level 1 of the Lair of Beasts.
             The game lasted 00:14:02 (12511 turns).

Froggeryz the Grappler (Gargoyle Monk)             Turns: 12511, Time: 00:14:02

Health: -6/69      AC: 29    Str: 18    XL:     11   Next: 63%
Magic:  14/14      EV:  6    Int: 11    God:    Okawaru [*****.]
Gold:   374        SH:  5    Dex: 12    Spells: 10/10 levels left

rFire    + . .     SeeInvis .     - Unarmed
rCold    + . .     Faith    .   o - +0 buckler
rNeg     + . .     Spirit   .   g - +6 plate armour of Okawaru's Respect {Rampage +Fly}
rPois    ∞         Reflect  .   (no helmet)
rElec    +         Harm     .   t - +1 cloak
rCorr    .         Rampage  +   (no gloves)
Will     .....                  i - +0 pair of boots
Stlth    ..........             (no amulet)
HPRegen  0.21/turn              z - ring of protection from cold
MPRegen  0.14/turn              y - ring of protection from fire

@: no status effects
A: negative energy resistance 1, electricity resistance, unbreathing,
petrification resistance, miasma immunity, AC +8
a: Renounce Religion, Evoke Flight, Heroism, Finesse


You were on level 1 of the Lair of Beasts.
You worshipped Okawaru.
Okawaru was extremely pleased with you.
You visited 2 branches of the dungeon, and saw 9 of its levels.

You collected 554 gold pieces.
You spent 180 gold pieces at shops.

Inventory:

Missiles
 c - 8 curare-tipped darts
 s - 12 poisoned darts (quivered)
 E - 12 javelins
Armour
 g - the +6 plate armour of Okawaru's Respect (worn) {Rampage +Fly}
   (Okawaru gifted it to you on level 7 of the Dungeon)

   It lets you fly.
   It bestows one free step when moving towards enemies.
 i - a +0 pair of boots (worn)
 o - a +0 buckler (worn)
 t - a +1 cloak (worn)
 D - a scarf of repulsion
Jewellery
 h - an uncursed ring of positive energy
 q - an uncursed ring of poison resistance {unknown}
 y - a ring of protection from fire (right hand)
 z - a ring of protection from cold (left hand)
 B - an uncursed amulet of guardian spirit {unknown}
 C - an uncursed ring of resist corrosion
Wands
 a - a wand of digging (4)
 u - a wand of random effects (7)
 v - a wand of disintegration (8)
 G - a wand of enslavement (8)
Scrolls
 b - 2 scrolls of identify
 e - 2 scrolls of magic mapping
 f - 2 scrolls of blinking
 j - 2 scrolls of fog
 m - 2 scrolls of remove curse
 n - a scroll of enchant weapon {unknown}
 p - a scroll of teleportation
 r - a scroll of immolation
Potions
 d - 3 potions of curing
 k - a potion of lignification
 l - a potion of haste
 w - a potion of mutation
 x - a potion of might
 A - a potion of invisibility
 F - a potion of heal wounds {unknown}


   Skills:
 + Level 8.5 Fighting
 + Level 0.6 Throwing
 - Level 5.0 Armour
 - Level 2.4 Dodging
 - Level 2.1 Stealth
 - Level 6.2 Shields
 * Level 13.7 Unarmed Combat
 - Level 5.0 Invocations


You had 10 spell levels left.
You didn't know any spells.
Your spell library contained the following spells:

 Spells                   Type           Power        Failure   Level
 Beastly Appendage        Tmut           0%           100%        1
 Wereblood                Tmut           0%           100%        2
 Spider Form              Tmut/Pois      0%           100%        3
 Ice Form                 Ice/Tmut       0%           100%        4
 Blade Hands              Tmut           0%           100%        5
 Summon Demon             Summ           0%           100%        5
 Summon Forest            Summ/Tloc      0%           100%        5
 Summon Mana Viper        Hex/Summ       0%           100%        5
 Shadow Creatures         Summ           N/A          100%        6
 Summon Hydra             Summ           0%           100%        7


Dungeon Overview and Level Annotations

Branches:
Dungeon (8/15)             Temple (0/1) D:5            Lair (1/6) D:8

Altars:
Kikubaaqudgha
Makhleb
Nemelex Xobeh
Okawaru
Ru
Uskayaw
Wu Jian
The Shining One

Shops:
D:4 (   D:5 !

Annotations:
D:3 exclusion: 2 goblins


Innate Abilities, Weirdness & Mutations

You are resistant to torment.
Your stone body is resilient. (AC +8)
You are immune to poison.
You resist negative energy. (rN+)
You are resistant to electric shocks. (rElec)
You can survive without breathing.
You are immune to petrification.
You are immune to miasma.


Message History

You hit the polar bear but do no damage.
The polar bear is almost dead.
You block the polar bear's attack.
The polar bear claws you but does no damage.
The polar bear claws you.
* * * LOW HITPOINT WARNING * * *
The polar bear barely misses you.
The polar bear claws you but does no damage.
The polar bear closely misses you.
You hit the polar bear.
The polar bear is almost dead.
The polar bear bites you!
* * * LOW HITPOINT WARNING * * *
The polar bear claws you.
* * * LOW HITPOINT WARNING * * *
The polar bear claws you but does no damage.
The polar bear bites you but does no damage.
The polar bear claws you but does no damage. x2
The polar bear bites you!
You die...

####......#############
#.........##.##.##.##.##
#..(##..................
#.......P...P.......##..
#...........#........... ###
##...#######............ ###
##.####..##.##$###..P.....P##
#.###........#...hh..#...##...##
#..####......##.@##.$##≈.#....###
#..####......##..## ?#≈≈≈#######.
#..#.........##...## #≈≈.# ####.
#...#.........#....####≈.####....
#..<....#.....##..##..##......#.#
#..†#..##..#...##.#....#........>
#.........#....##....###.#.......
#..[#######...##...####..####..[.
#.........÷..............#....###


You could see 2 polar bears.

Vanquished Creatures
  A hydra (Lair:1)
  A two-headed ogre (D:8)
  Urug (Lair:1)
  Pikel (D:5)
  A komodo dragon (Lair:1)
  2 polar bears (Lair:1)
  Grinder (D:4)
  Sigmund (D:5)
  4 wyverns (D:8)
  A basilisk (D:8)
  11 yaks
  Eustachio (D:6)
  6 water moccasins
  3 black bears
  3 orc warriors
  An ice beast (D:5)
  2 phantoms
  An ogre (D:4)
  A necrophage (D:7)
  6 centaurs
  8 wolves
  2 lemures (D:5)
  Blork the orc (D:5)
  2 bullfrogs
  A gnoll sergeant (D:8)
  2 wyvern skeletons
  3 scorpions
  3 wights (D:6)
  2 howler monkeys
  5 hounds
  6 orc priests
  Crazy Yiuf (D:4)
  A quasit (D:5)
  A gnoll shaman (D:4)
  A bullfrog skeleton (D:4)
  Jessica (D:6)
  11 orc wizards
  3 worker ants
  A hound zombie (D:7)
  A hound skeleton (D:4)
  A worker ant zombie (D:5)
  A howler monkey skeleton (D:6)
  6 adders
  14 gnolls
  2 shadow imps
  An adder zombie (D:7)
  2 worms
  4 dart slugs
  3 leopard geckos
  41 orcs
  5 giant cockroaches
  7 goblins
  9 hobgoblins
  15 jackals
  11 kobolds
  4 quokkas
  4 ball pythons
  11 bats
  3 frilled lizards
  4 rats
253 creatures vanquished.

Vanquished Creatures (others)
  3 fungi (Lair:1)
  21 plants
24 creatures vanquished.

Grand Total: 277 creatures vanquished

Notes
Turn   | Place    | Note
-------+----------+-------------------------------------------
     0 | D:1      | Froggeryz the Gargoyle Monk began the quest for the Orb.
     0 | D:1      | Reached XP level 1. HP: 14/14 MP: 1/1
    78 | D:1      | Reached XP level 2. HP: 19/19 MP: 2/2
   337 | D:1      | Reached skill level 1 in Armour
   441 | D:1      | Reached XP level 3. HP: 23/23 MP: 3/3
   740 | D:1      | Reached skill level 4 in Unarmed Combat
   929 | D:2      | Found a glowing golden altar of the Shining One.
  1310 | D:2      | Reached XP level 4. HP: 28/28 MP: 4/4
  1981 | D:3      | Found an iron altar of Okawaru.
  1991 | D:3      | Became a worshipper of Warmaster Okawaru
  1991 | D:3      | Reached * piety under Okawaru
  1991 | D:3      | Reached ** piety under Okawaru
  2390 | D:3      | Reached XP level 5. HP: 30/32 MP: 5/5
  3112 | D:4      | Reached skill level 5 in Unarmed Combat
  3376 | D:4      | Reached XP level 6. HP: 22/37 MP: 6/6
  3556 | D:4      | Found a runed translucent door.
  3556 | D:4      | Noticed Crazy Yiuf
  3647 | D:5      | Entered Level 5 of the Dungeon
  4977 | D:4      | Reached skill level 6 in Unarmed Combat
  4977 | D:4      | Reached XP level 7. HP: 38/41 MP: 7/7
  5012 | D:4      | Reached skill level 5 in Armour
  5057 | D:4      | Reached *** piety under Okawaru
  5171 | D:4      | Found an ancient bone altar of Kikubaaqudgha.
  5185 | D:4      | Found Tosaest's Weapon Shoppe.
  5212 | D:4      | Noticed Grinder
  5226 | D:4      | Reached skill level 1 in Shields
  5228 | D:4      | Paralysed by Grinder for 5 turns
  5236 | D:4      | Killed Grinder
  5481 | D:4      | Found an ornate altar of the Wu Jian Council.
  5579 | D:4      | Reached skill level 7 in Unarmed Combat
  5647 | D:4      | Killed Crazy Yiuf
  5785 | D:5      | Reached XP level 8. HP: 38/46 MP: 8/8
  5946 | D:5      | Noticed Sigmund
  6074 | D:5      | Noticed Pikel
  6275 | D:5      | Noticed Blork the orc
  6289 | D:5      | Killed Blork the orc
  6536 | D:5      | Found a staircase to the Ecumenical Temple.
  6611 | D:5      | Reached skill level 8 in Unarmed Combat
  6886 | D:5      | Killed Sigmund
  6929 | D:5      | Killed Pikel
  6929 | D:5      | Reached **** piety under Okawaru
  6930 | D:5      | Reached skill level 5 in Shields
  6930 | D:5      | Reached skill level 9 in Unarmed Combat
  6930 | D:5      | Reached XP level 9. HP: 26/51 MP: 9/9
  7288 | D:5      | Found Xunit's Distillery.
  7296 | D:5      | Bought a potion of mutation for 120 gold pieces
  7296 | D:5      | Bought a potion of might for 60 gold pieces
  8488 | D:6      | Reached skill level 10 in Unarmed Combat
  8515 | D:6      | Noticed Eustachio
  8540 | D:6      | Killed Eustachio
  9045 | D:6      | Found a sparkling altar of Nemelex Xobeh.
  9045 | D:6      | Noticed Jessica
  9048 | D:6      | Killed Jessica
  9277 | D:7      | Reached ***** piety under Okawaru
  9315 | D:7      | Reached skill level 11 in Unarmed Combat
  9332 | D:7      | Received a gift from Okawaru
  9339 | D:7      | Got a fine plate armour {god gift}
  9454 | D:7      | Identified the +6 plate armour of Okawaru's Respect
                  | {Rampage +Fly} (Okawaru gifted it to you on level 7 of the
                  | Dungeon)
  9554 | D:7      | Found a hide-covered altar of Uskayaw.
  9707 | D:7      | Reached XP level 10. HP: 58/58 MP: 10/10
  9715 | D:7      | Found a sacrificial altar of Ru.
 10012 | D:8      | Reached skill level 5 in Fighting
 10025 | D:8      | Found a burning altar of Makhleb.
 10232 | D:8      | Found a staircase to the Lair.
 10280 | D:8      | Reached skill level 12 in Unarmed Combat
 10587 | D:8      | Reached skill level 1 in Invocations
 10826 | D:8      | Noticed a two-headed ogre
 10834 | D:8      | Killed a two-headed ogre
 11246 | Lair:1   | Entered Level 1 of the Lair of Beasts
 11324 | Lair:1   | Reached XP level 11. HP: 66/67 MP: 11/13
 11394 | Lair:1   | Noticed a seven-headed hydra
 11395 | Lair:1   | Noticed Urug
 11442 | Lair:1   | Killed a seven-headed hydra
 11443 | Lair:1   | Reached skill level 13 in Unarmed Combat
 11776 | Lair:1   | Killed Urug
 12300 | Lair:1   | Received a gift from Okawaru
 12335 | Lair:1   | Reached skill level 5 in Invocations
 12511 | Lair:1   | Mangled by a polar bear

Illustrated notes

Levels and vault maps discovered:
D:1:      lightli_arrival_chessboard, layout_basic
D:2:      layout_basic, marbit_many_paths
D:3:      layout_basic, kennysheep_okawaru_gauntlet
D:4:      layout_loops_corners, kennysheep_mini_moat, nzn_wu_jian_council_hall,
          serial_shops, shop, uniq_grinder, uniq_crazy_yiuf_cottage
D:5:      layout_basic, minmay_temple_entry_nine_rooms, serial_shops,
          kennysheep_mini, uniq_blork_the_orc, uniq_pikel, uniq_sigmund
D:6:      layout_cave_pods, nemelex_lonely_heart_becter, uniq_eustachio
D:7:      layout_loops_ring, eat_drink_and_be_merry_uskayaw,
          nicolae_ru_great_annihilating_truth
D:8:      layout_basic, kennysheep_little_box, minmay_lair_entry_grove,
          interstate_on_off
Lair:1:   beast_lair_carwin_large_2, layout_misc_corridors, uniq_urug

Skill      XL: |  1  2  3  4  5  6  7  8  9 10 11 |
---------------+----------------------------------+-----
Armour         | 1 2 3 4 5 |  5.0
Unarmed Combat | 4 5 6 7 9 11 12 13 | 13.7
Shields        | 2 5 6 |  6.2
Fighting       | 4 7 8 |  8.5
Invocations    | 2 5 |  5.0
Throwing       | |  0.6
Dodging        | |  2.4
Stealth        | |  2.1

Action                   |  1- 3 |  4- 6 |  7- 9 | 10-12 || total
-------------------------+-------+-------+-------+-------++-------
Melee: Unarmed           |   158 |   296 |   450 |   400 ||  1304
       Punch             |     4 |     3 |    10 |       ||    17
Throw: Dart              |       |       |    10 |       ||    10
Invok: Heroism           |       |       |       |     3 ||     3
Evoke: Wand              |       |       |     1 |       ||     1
  Use: Scroll            |       |     8 |     6 |       ||    14
       Potion            |       |       |     5 |     1 ||     6
 Stab: Invisible         |       |       |     1 |       ||     1
       Paralysed         |       |       |       |     1 ||     1
Armor: Robe              |     9 |       |       |       ||     9
       Scale mail        |    66 |   129 |   262 |       ||   457
       Plate armour      |       |       |     3 |   283 ||   286
Dodge: Dodged            |   109 |   174 |   197 |   131 ||   611
Block: Buckler           |       |       |    14 |    94 ||   108
